 Dungeon Crawl Stone Soup version 0.27.1-1-g398f81649c (webtiles) character file.

Game seed: 14924916390674475867

67 JBAR the Chopper (level 3, 0/30 HPs)
             Began as a Minotaur Gladiator on Sept 15, 2021.
             Was a Believer of Vehumet.
             Slain by a gnoll (2 damage)
             ... on level 2 of the Dungeon.
             The game lasted 00:02:39 (1771 turns).

JBAR the Chopper (Minotaur Gladiator)               Turns: 1771, Time: 00:02:40

Health: 0/30       AC:  3    Str: 19    XL:     3   Next: 98%
Magic:  2/2        EV: 12    Int:  5    God:    Vehumet [**....]
Gold:   47         SH:  0    Dex: 11    Spells: 1/2 levels left

rFire    . . .     SeeInvis .   a - +0 war axe
rCold    . . .     Faith    .   (no shield)
rNeg     . . .     Spirit   .   b - +0 leather armour
rPois    .         Reflect  .   c - +0 hat
rElec    .         Harm     .   (no cloak)
rCorr    .         Rampage  .   (no gloves)
Will     .....                  (no boots)
Stlth    +.........             (no amulet)
HPRegen  0.10/turn              (no ring)
MPRegen  0.08/turn              (no ring)

@: lethally poisoned (0 -> -3)
A: horns 2, retaliatory headbutt
a: Renounce Religion


You were on level 2 of the Dungeon.
You worshipped Vehumet.
Vehumet was pleased with you.
You visited 1 branch of the dungeon, and saw 2 of its levels.

You collected 47 gold pieces.

Inventory:

Hand Weapons
 a - a +0 war axe (weapon)
Missiles
 d - 3 throwing nets
 j - 2 boomerangs (quivered)
Armour
 b - a +0 leather armour (worn)
 c - a +0 hat (worn)
Scrolls
 h - a scroll of immolation {unknown}
 i - 2 scrolls of noise {unknown}
 l - a scroll of identify {unknown}
Potions
 f - a potion of attraction {unknown}
 g - a potion of haste {unknown}
 k - a potion of ambrosia {unknown}


   Skills:
 * Level 2.9 Fighting
 * Level 4.7 Axes
 + Level 2.0 Throwing
 * Level 1.5 Armour
 * Level 4.0 Dodging


You had one spell level left.
You knew the following spells:

 Your Spells              Type           Power      Damage    Failure   Level
a - Sandblast             Erth           0%         2d4       54%         1

Your spell library contained the following spells:

 Spells                   Type           Power      Damage    Failure   Level
 Poisonous Vapours        Pois/Air       0%         N/A       67%         2


Dungeon Overview and Level Annotations

Branches:
Dungeon (2/15)

Altars:
Vehumet


Innate Abilities, Weirdness & Mutations

You have a pair of horns on your head.
You reflexively headbutt those who attack you in melee.


Message History

A rat comes into view.
The rat completely misses you. You furiously retaliate!
You headbutt the rat!
You kill the rat!
Vehumet accepts your kill.
No target in view!
No target in view!
You see here a rat corpse.
A gnoll comes into view. It is wielding a +2 dagger of venom.
The gnoll shouts!
A gnoll comes into view. It is wielding a +0 club.
The gnoll shouts!
The gnoll hits you with a +2 dagger of venom.
You are poisoned.
You barely miss the gnoll.
You feel very sick.
The gnoll hits you with a +2 dagger of venom!
You are too injured to fight recklessly!
You are too injured to fight recklessly!
You slash the gnoll! Your headbutt misses the gnoll.
The gnoll is severely wounded.
You feel very sick. The gnoll barely misses you.
You hit the gnoll.
You kill the gnoll!
Vehumet accepts your kill.
* * * LOW HITPOINT WARNING * * *
You feel sick.
You barely miss the gnoll. You headbutt the gnoll.
The gnoll is heavily wounded.
* * * LOW HITPOINT WARNING * * *
You feel sick. The gnoll hits you but does no damage.
You hit the gnoll.
The gnoll is heavily wounded.
You feel sick. The gnoll hits you with a +0 club.
* * * LOW HITPOINT WARNING * * *
The gnoll misses you.
It was a potion of cancellation.
You feel magically purged.
* * * LOW HITPOINT WARNING * * *
You feel sick. The gnoll hits you with a +0 club.
You die...

#.# ##.#######
#.####.# #.# #.#
#.####.# #.# #.#
#######....#.## #.#
#.# ...............
#.# #.#
>.............. #.#
#.############.##.#
#.# #........# #.##.#
#.#
###########.#####..#..
#.#
#....@g...#........)..
#.#
#.#######.######.###.#
#.# #.# #...#.# #.#
#†# #.###.# #.# #.#
#.#.... #.# #.#
#.#.#.# #.# #.#
#...... #.# #.#
#######.#.#.# #.# #.#
........#....


You could see a gnoll.

Vanquished Creatures
  A gnoll (D:2)
  An adder (D:2)
  7 ball pythons
  8 endoplasms
  2 giant cockroaches (D:1)
  2 goblins (D:2)
  3 hobgoblins
  3 jackals (D:1)
  3 kobolds (D:2)
  2 quokkas (D:1)
  5 bats
  4 frilled lizards
  3 rats
44 creatures vanquished.

Notes
Turn   | Place    | Note
-------+----------+-------------------------------------------
     0 | D:1      | JBAR the Minotaur Gladiator began the quest for the Orb.
     0 | D:1      | Reached XP level 1. HP: 18/18 MP: 0/0
     6 | D:1      | Noticed a frost giant
     6 | D:1      | Noticed a servant of whispers
     6 | D:1      | Noticed a komodo dragon
   141 | D:1      | Found a faded altar of an unknown god.
   153 | D:1      | Became a worshipper of Vehumet
   153 | D:1      | Reached * piety under Vehumet
   153 | D:1      | Offered knowledge of Sandblast by Vehumet.
   157 | D:1      | Reached XP level 2. HP: 25/25 MP: 1/1
   159 | D:1      | Learned a level 1 spell: Sandblast
   768 | D:1      | Reached XP level 3. HP: 30/30 MP: 2/2
  1426 | D:2      | Reached skill level 1 in Armour
  1500 | D:2      | Reached ** piety under Vehumet
  1520 | D:2      | Offered knowledge of Poisonous Vapours by Vehumet.
  1771 | D:2      | Slain by a gnoll

Illustrated notes

Levels and vault maps discovered:
D:1:      onia_arrival_zoo_common, layout_loops_corners,
          hellmonk_ecumenical_altar_run_dry
D:2:      layout_basic, serial_curves, eino_curves_04, eino_curves_01,
          minmay_misc_feat_roman, glass_columns_a

Skill      XL: |  1  2  3 |
---------------+----------+-----
Axes           | 4 |  4.7
Armour         | 1 |  1.5
Dodging        | 4 |  4.0
Fighting       | |  2.9
Throwing       | |  2.0

Action                   || total
-------------------------++-------
Melee: War axe           ||    70
       Headbutt          ||     7
  Use: Potion            ||     1
 Stab: Sleeping          ||     2
Armor: Leather armour    ||    18
Dodge: Dodged            ||    57
